 Dungeon Crawl Stone Soup version 0.20-a0-556-g892c87b (webtiles) character file.

22227 drasked the Thaumaturge (level 12, -11/64 HPs)
             Began as a Deep Elf Fire Elementalist on Feb 5, 2017.
             Was a High Priest of Vehumet.
             Killed from afar by Azrael (55 damage)
             ... with damnation
             ... on level 13 of the Dungeon.
             The game lasted 01:23:40 (16546 turns).

drasked the Thaumaturge (DEFE)                     Turns: 16546, Time: 01:23:41

Health: -11/64     AC:  9    Str:  5    XL:     12   Next: 61%
Magic:  32/56      EV: 22    Int: 30    God:    Vehumet [*****.]
Gold:   750        SH:  0    Dex: 15    Spells: 20/40 levels left

rFire    . . .     SeeInvis .   P - staff of power {MP+17, !a}
rCold    . . .     Gourm    .   a - +0 robe
rNeg     . . .     Faith    .   (no shield)
rPois    .         Spirit   .   M - +1 helmet of the Bulwark {Int+4}
rElec    .         Reflect  .   D - +0 cloak
rCorr    .         Harm     .   L - +0 pair of gloves
MR       +....                  n - +2 pair of boots
Stlth    ++........             E - amulet of magic regeneration
Regen    0.2/turn               H - +5 ring of evasion
                                Y - ring of magical power {MP+9}

@: no status effects
A: no striking features
a: Renounce Religion


You were on level 13 of the Dungeon.
You worshipped Vehumet.
Vehumet was extremely pleased with you.
You were hungry.

You visited 3 branches of the dungeon, and saw 15 of its levels.
You also visited: Labyrinth and Sewer.

You collected 750 gold pieces.

Inventory:

Hand Weapons
 A - a +6 dagger of holy wrath
   (You took it off Dowan on level 4 of the Dungeon)
Armour
 a - a +0 robe (worn)
 n - a +2 pair of boots (worn)
   (You found it in a labyrinth)
 D - a +0 cloak (worn)
   (You found it on level 4 of the Dungeon)
 L - a +0 pair of gloves (worn)
   (You found it on level 10 of the Dungeon)
 M - the +1 helmet of the Bulwark (worn) {Int+4}
   (You found it on level 6 of the Dungeon)

   It affects your intelligence (+4).
Magical Staves
 P - an uncursed staff of power (weapon) {MP+17, !a}
   (You found it in a labyrinth)
Jewellery
 t - an uncursed ring of poison resistance {rPois, !d}
   (You found it on level 3 of the Dungeon)
 w - an uncursed ring of wizardry {Wiz+, !d}
   (You found it on level 3 of the Dungeon)
 y - an uncursed ring of protection from cold {rC+, !d}
   (You found it on level 4 of the Dungeon)
 E - an amulet of magic regeneration (around neck)
   (You found it on level 5 of the Dungeon)
 H - a +5 ring of evasion (right hand)
   (You found it on level 6 of the Dungeon)
 Y - a ring of magical power (left hand) {MP+9}
   (You found it in a labyrinth)
Wands
 i - a wand of iceblast (2/15)
   (You found it on level 11 of the Dungeon)
 V - a wand of disintegration (4/24)
   (You found it in a labyrinth)
Scrolls
 e - 3 scrolls of teleportation
 k - 2 scrolls of remove curse
 p - 2 scrolls of fog
 q - 2 scrolls of fear
 s - a scroll of recharging
 B - a scroll of amnesia
Potions
 g - 7 potions of curing
 h - a potion of agility {unknown}
 j - a potion of ambrosia {unknown}
 l - 6 potions of heal wounds
 o - 3 potions of haste
 v - 2 potions of lignification {unknown}
 G - 3 potions of might
 I - 3 potions of flight
 K - 3 potions of cancellation {unknown}
 O - a potion of berserk rage {unknown}
 T - a potion of brilliance {unknown}
Books
 b - a book of Flames
 d - a book of Spatial Translocations
   (You found it on level 12 of the Dungeon)
 u - a book of Changes
   (You found it on level 3 of the Dungeon)
 J - a book of Geomancy
   (You found it on level 6 of the Dungeon)
 Z - a book of Debilitation
   (You found it on level 9 of the Dungeon)
Miscellaneous
 x - a box of beasts
 C - a sack of spiders
Comestibles
 c - 10 bread rations {@e1}
 f - 6 fruits
 m - 8 meat rations {@e2}
 R - 5 royal jellies


   Skills:
 + Level 3.2 Fighting
 + Level 7.3 Dodging
 - Level 2.4 Stealth
 * Level 14.5 Spellcasting
 * Level 12.7 Conjurations
 * Level 12.7 Fire Magic


You had 20 spell levels left.
You knew the following spells:

 Your Spells              Type           Power        Failure   Level  Hunger
a - Flame Tongue          Conj/Fire      #####        0%          1    None
b - Bolt of Magma         Conj/Fire/Erth ######....   1%          5    None
c - Conjure Flame         Conj/Fire      #######.     1%          3    None
f - Fireball              Conj/Fire      #######...   1%          5    None
s - Sticky Flame          Conj/Fire      #######.     1%          4    None
x - Throw Flame           Conj/Fire      ######       1%          2    None


Dungeon Overview and Level Annotations

Branches:
Dungeon (13/15)            Temple (1/1) D:4            Lair (1/6) D:10
    Orc (0/2) D:10
 Vaults: D:13-14

Altars:
Ashenzari
Cheibriados
Dithmenos
Elyvilon
Fedhas
Gozag
Hepliaklqana
Kikubaaqudgha
Makhleb
Nemelex Xobeh
Okawaru
Qazlal
Ru
Sif Muna
Trog
Uskayaw
Vehumet
Xom
Yredelemnul
Zin
The Shining One

Shops:
D:8 =*

Annotations:
D:13 Azrael; Maurice
Lair:1 azzavlup's ghost, journeyman GrEE


Message History

Vehumet accepts your kill.
Vehumet offers you knowledge of Spellforged Servitor.
You feel your power returning.
You feel sick.
You take 1 damage, and have 61/64 hp.
You see here a worker ant corpse.
You butcher the worker ant corpse.
You feel sick.
F - 3 chunks of flesh {@w0} Autoeating chunks.
Eating one of 3 chunks of flesh {@w0}.
You eat one of the 3 chunks of flesh {@w0}.
You start resting.
You feel sick. x4
You are no longer poisoned.
You take 1 damage, and have 60/64 hp.
You regained 7 mp, and now have 18/56 mp.
As you read the scroll labeled GUKHLU GIQIFONUSU, it crumbles to dust.
Your body is wracked with pain!
It was a scroll of torment.
You take 29 damage, and have 31/64 hp.
MASSIVE DAMAGE!!
As you read the scroll labeled SOPEHA HUNWA, it crumbles to dust.
It is a scroll of enchant armour.
Your +1 pair of boots glows green for a moment.
You start resting.
Health restored: 64; MP restored: 56 Done exploring.
There is a stone staircase leading down here.
You climb downwards.
Level annotation: Maurice
There is a stone staircase leading up here.
You hear a zap.
You hear a grinding noise.
You hear a zap.
You hear a grinding noise.
You open the door.
You hear a zap.
You hear a grinding noise.
There is an open door here.
You hear a zap.
You hear a grinding noise.
All of the chunks of flesh in your inventory have rotted away.
You open the door.
There is an open door here.
You hear a zap.
You hear a grinding noise.
You open the door.
There is an open door here.
You open the door.
There is an open door here.
There is an open door here.
You open the door. 2 hell hounds, 2 fire elementals and Azrael come into view.
Azrael is wielding a scimitar of flaming.
There is an open door here.
You close the door.
Aim: a fire elemental
Okay, then.
You can't see any susceptible monsters within range! (Use Z to cast anyway.)
Aim: a fire elemental The bolt of magma hits the fire elemental.
The fire elemental partially resists.
You now have 51/56 mp.
Aim: a fire elemental (flame)
The bolt of magma hits the fire elemental.
The fire elemental partially resists.
You destroy the fire elemental!
Vehumet accepts your kill.
You feel your power returning.
The bolt of magma hits the fire elemental.
The fire elemental partially resists.
You now have 50/56 mp.
Aim: a fire elemental (heavily damaged)
The bolt of magma hits the fire elemental.
The fire elemental partially resists.
You destroy the fire elemental!
Vehumet accepts your kill.
You now have 45/56 mp.
You can't see any susceptible monsters within range! (Use Z to cast anyway.)
Okay, then.
Aim: Azrael, wielding a scimitar of flaming The bolt of magma hits Azrael.
Azrael partially resists.
Azrael gestures at you. The sticky flame hits you!
You are covered in liquid flames!
You take 2 damage, and have 62/64 hp.
You now have 42/56 mp.
You are covered in liquid flames!
You take 5 damage, and have 57/64 hp.
Aim: Azrael, wielding a scimitar of flaming (lightly wounded)
The bolt of magma hits Azrael.
Azrael partially resists.
You are covered in liquid flames!
You take 5 damage, and have 52/64 hp.
You now have 38/56 mp.
Aim: Azrael, wielding a scimitar of flaming (moderately wounded)
The bolt of magma hits Azrael.
Azrael partially resists.
You are covered in liquid flames!
You take 4 damage, and have 48/64 hp.
You now have 34/56 mp.
Aim: Azrael, wielding a scimitar of flaming (moderately wounded)
The bolt of magma misses Azrael.
You are covered in liquid flames!
You take 5 damage, and have 43/64 hp.
You now have 29/56 mp.
Azrael gestures at you. The sticky flame misses you.
You are feeling hungry.
Azrael gestures at you.
The sphere of damnation explodes!
The damnation engulfs you!
Ouch! That really hurt!
You die...

#....#....#.....#....
#....#....#.....#....
#####.####'########'#####'##
........#...................
............................
.....#.#...#.#.#.#.#.#...........
.. ...............)..§...........
#.##.#.#...#.#.#.#.#§###'###.....
....@...........@..R..#....#§§...
.......#...#.#.#.#.#.##....#.....
......................#....#.E...
.....#.....#.#.#.#.#.##....#.§E..
......<...............#....#..§..
.....#.#...#.#.#.#.#.##....#.§§..
..........[...........#....#.§...
.....#.#.#...#.#.#.#.#######.§...
........#.....#............#.§§..


You could see Azrael.

Vanquished Creatures
  A minotaur (Lab)
  Josephine (D:10)
  A hydra (D:8)
  A centaur warrior (D:10)
  2 two-headed ogres
  Urug (D:10)
  A skeletal warrior (D:12)
  The ghost of Goblin1989 the Basher, a novice BaFi of Okawaru (D:8)
  2 unseen horrors
  2 deep elf magi
  A gargoyle (D:11)
  A komodo dragon (D:12)
  2 centaur skeletons (D:13)
  2 trolls
  A hornet (D:11)
  2 dream sheep (D:8)
  3 hippogriffs
  A shadow (D:12)
  A wyvern (D:12)
  5 wraiths
  Eustachio (D:4)
  8 yaks
  2 fire elementals (D:13)
  2 hungry ghosts (Lab)
  9 vampire mosquitoes
  2 water moccasins
  Duvessa (D:4)
  An acid dragon (D:12)
  6 porcupines
  3 black bears
  3 orc warriors (D:10)
  4 sky beasts
  3 ogres
  2 necrophages
  An ice beast (D:11)
  4 phantoms
  3 centaurs
  2 crocodiles (D:10)
  8 big kobolds
  9 bullfrogs
  Dowan (D:4)
  3 scorpions
  11 killer bees
  2 jellies
  16 wights
  A centaur zombie (D:5)
  3 crimson imps
  A quasit (D:12)
  A bullfrog zombie (D:7)
  5 hounds
  15 orc wizards
  6 orc priests
  4 bullfrog skeletons
  A gnoll shaman (D:7)
  5 iguanas
  Natasha (thrice) (D:4)
  14 worker ants
  15 gnolls
  3 river rats
  15 adders
  5 shadow imps
  4 adder skeletons
  2 worms
  9 dart slugs
  4 leopard geckos
  93 orcs
  4 giant cockroaches
  9 goblins
  8 hobgoblins
  8 jackals
  2 quokkas
  2 ball pythons
  9 bats
  8 frilled lizards
  A jackal zombie (D:7)
  27 kobolds
  A leopard gecko skeleton (D:7)
  A quokka skeleton (D:9)
  12 rats
  8 fungi (D:10)
  3 plants (D:10)
451 creatures vanquished.

Vanquished Creatures (others)
  6 fungi (D:10)
6 creatures vanquished.

Grand Total: 457 creatures vanquished

Notes
Turn   | Place    | Note
-------+----------+-------------------------------------------
     0 | D:1      | drasked the Deep Elf Fire Elementalist began the quest for the Orb.
     0 | D:1      | Reached XP level 1. HP: 10/10 MP: 6/6
   155 | D:1      | Reached XP level 2. HP: 14/15 MP: 5/8
   159 | D:1      | Learned a level 2 spell: Throw Flame
   294 | D:1      | Reached skill level 2 in Conjurations
   897 | D:2      | Reached XP level 3. HP: 19/19 MP: 6/9
   902 | D:2      | Learned a level 3 spell: Conjure Flame
  1154 | D:2      | Reached skill level 3 in Conjurations
  1546 | D:2      | Reached XP level 4. HP: 24/24 MP: 8/11
  1776 | D:3      | Reached skill level 4 in Fire Magic
  2150 | D:3      | Reached skill level 4 in Spellcasting
  2152 | D:3      | Reached skill level 4 in Conjurations
  2152 | D:3      | Reached XP level 5. HP: 15/28 MP: 1/13
  2168 | D:3      | Learned a level 4 spell: Sticky Flame
  2957 | D:4      | Noticed Duvessa
  2991 | D:4      | Noticed an ogre
  3045 | D:4      | Noticed Natasha
  3045 | D:4      | Noticed Eustachio
  3087 | D:4      | Killed Natasha
  3404 | D:4      | Found a staircase to the Ecumenical Temple.
  3418 | D:4      | Noticed Natasha
  3419 | Temple   | Entered the Ecumenical Temple
  3586 | Temple   | Became a worshipper of Vehumet
  3609 | D:4      | Killed Natasha
  3609 | D:4      | Reached skill level 5 in Spellcasting
  3609 | D:4      | Reached XP level 6. HP: 25/32 MP: 1/15
  3616 | D:4      | Learned a level 5 spell: Fireball
  3639 | D:4      | Noticed Natasha
  3855 | D:4      | Killed Natasha
  4016 | D:4      | Killed Eustachio
  4016 | D:4      | Reached skill level 5 in Conjurations
  4016 | D:4      | Reached skill level 5 in Fire Magic
  4146 | D:4      | HP: 6/32 [worker ant (6)]
  4510 | D:4      | Reached skill level 6 in Spellcasting
  4510 | D:4      | Reached XP level 7. HP: 36/36 MP: 6/18
  4562 | D:4      | Noticed Dowan
  4582 | D:4      | Killed Duvessa
  4827 | D:4      | Killed Dowan
  4930 | D:4      | Found a white marble altar of Elyvilon.
  4935 | D:4      | Found an iron altar of Okawaru.
  5138 | D:4      | Reached skill level 6 in Fire Magic
  5247 | D:4      | Reached skill level 6 in Conjurations
  5464 | D:5      | Entered Level 5 of the Dungeon
  5491 | D:5      | Reached skill level 7 in Spellcasting
  5961 | D:5      | Reached XP level 8. HP: 33/41 MP: 18/21
  6244 | D:4      | Reached * piety under Vehumet
  6244 | D:4      | Offered knowledge of Magic Dart by Vehumet.
  6250 | D:4      | HP: 10/41 [poisoned by a killer bee]
  6256 | D:4      | HP: 8/41 [poisoned by a killer bee]
  6261 | D:4      | HP: 7/41 [poisoned by a killer bee]
  6269 | D:4      | HP: 6/41 [poisoned by a killer bee]
  6858 | D:5      | Reached skill level 7 in Fire Magic
  7034 | D:5      | Reached skill level 8 in Spellcasting
  7091 | D:5      | Reached skill level 7 in Conjurations
  7305 | D:6      | Got a pitted granite ring
  7454 | D:6      | Found a glowing drain.
  7490 | Sewer    | Entered a sewer
  7815 | Sewer    | Found a white marble altar of Elyvilon.
  7937 | D:6      | Identified the ring "Hyofeb" {rPois MP-9 Int+6 Dex+3} (You found it on level 6 of the Dungeon)
  7979 | D:6      | Got a jewelled chain mail
  8007 | D:6      | Got a bloodstained helmet
  8013 | D:6      | Identified the +1 helmet of the Bulwark {Int+4} (You found it on level 6 of the Dungeon)
  8064 | D:6      | Reached skill level 9 in Spellcasting
  8100 | D:6      | Reached ** piety under Vehumet
  8100 | D:6      | Offered knowledge of Sting by Vehumet.
  8359 | D:6      | Reached XP level 9. HP: 36/45 MP: 22/24
  8365 | D:6      | Reached skill level 8 in Fire Magic
  8651 | D:7      | Reached skill level 8 in Conjurations
  8667 | D:7      | Found a shadowy altar of Dithmenos.
  8723 | D:7      | Found a glowing silver altar of Zin.
  9339 | D:7      | Reached skill level 10 in Spellcasting
  9753 | D:7      | Reached skill level 9 in Conjurations
  9753 | D:7      | Reached skill level 9 in Fire Magic
  9773 | D:7      | Offered knowledge of Searing Ray by Vehumet.
  9800 | D:8      | Found Xiqum's Jewellery Shoppe.
  9958 | D:8      | Noticed Goblin1989's ghost (novice BaFi)
 10009 | D:8      | Killed Goblin1989's ghost
 10149 | D:8      | Reached *** piety under Vehumet
 10328 | D:8      | Found Cufism's Assorted Antiques.
 10381 | D:8      | Reached XP level 10. HP: 50/50 MP: 26/26
 10387 | D:8      | Reached skill level 11 in Spellcasting
 10409 | D:8      | Noticed a three-headed hydra
 10437 | D:8      | Killed a three-headed hydra
 10437 | D:8      | Reached skill level 10 in Conjurations
 10437 | D:8      | Reached skill level 10 in Fire Magic
 11003 | D:9      | Offered knowledge of Dazzling Spray by Vehumet.
 11020 | D:9      | Reached **** piety under Vehumet
 11118 | D:9      | Reached skill level 3 in Dodging
 11303 | D:9      | Reached skill level 12 in Spellcasting
 11602 | D:9      | Offered knowledge of Force Lance by Vehumet.
 11684 | D:9      | Noticed a two-headed ogre
 11718 | D:9      | Killed a two-headed ogre
 11718 | D:9      | Reached skill level 4 in Dodging
 11965 | D:10     | Entered Level 10 of the Dungeon
 12096 | D:10     | Reached XP level 11. HP: 54/54 MP: 19/29
 12144 | D:10     | Noticed Josephine
 12150 | D:10     | Killed Josephine
 12150 | D:10     | Reached skill level 5 in Dodging
 12150 | D:10     | Reached skill level 11 in Conjurations
 12158 | D:10     | Reached skill level 11 in Fire Magic
 12285 | D:10     | Found a staircase to the Lair.
 12455 | D:10     | Noticed a centaur warrior
 12524 | D:10     | Killed a centaur warrior
 12524 | D:10     | Reached skill level 13 in Spellcasting
 12732 | D:10     | Reached skill level 1 in Fighting
 12796 | D:10     | Reached ***** piety under Vehumet
 12798 | D:10     | Offered knowledge of Bolt of Magma by Vehumet.
 12805 | D:10     | Learned a level 5 spell: Bolt of Magma
 13053 | D:10     | Noticed a deep elf mage
 13054 | D:10     | Killed a deep elf mage
 13054 | D:10     | Reached skill level 6 in Dodging
 13089 | D:10     | Found a burning altar of Makhleb.
 13208 | D:10     | Noticed Urug
 13212 | D:10     | Killed Urug
 13283 | D:10     | Found a staircase to the Orcish Mines.
 13381 | Lair:1   | Entered Level 1 of the Lair of Beasts
 13411 | Lair:1   | Noticed azzavlup's ghost (journeyman GrEE)
 13966 | D:11     | Found a labyrinth entrance.
 13977 | Lab      | Entered a labyrinth
 14356 | Lab      | Killed an unseen horror
 14508 | Lab      | Noticed a minotaur
 14512 | Lab      | Killed a minotaur
 14512 | Lab      | Reached skill level 2 in Fighting
 14512 | Lab      | Reached skill level 12 in Conjurations
 14573 | Lab      | Got a sparkling lead amulet
 14589 | D:11     | Identified the amulet of Xojedwab {+Blink +Fly Regen+ Str-2 Slay+4} (You found it in a labyrinth)
 14905 | D:11     | Reached XP level 12. HP: 62/62 MP: 31/31
 14996 | D:11     | Reached skill level 12 in Fire Magic
 15373 | D:12     | Reached skill level 14 in Spellcasting
 15524 | D:12     | Noticed a two-headed ogre
 15525 | D:12     | Killed a two-headed ogre
 15685 | D:12     | Reached skill level 7 in Dodging
 15699 | D:12     | Reached skill level 3 in Fighting
 16203 | D:13     | Noticed Maurice
 16214 | D:12     | Offered knowledge of Spellforged Servitor by Vehumet.
 16506 | D:13     | Noticed Azrael
 16546 | D:13     | Killed from afar by Azrael

Vault maps used:
D:1:      dpeg_arrival_boxorama, minmay_lizard_pond
D:2:      minmay_pentomino_t4
D:3:      first_bread, hangedman_abyss_or_decor_lesser_grid
D:4:      wad_river_or_something, minitemple, temple_pool_b, uniq_duvessa,
          uniq_natasha, uniq_eustachio
D:6:      portal_sewer_entry_a, minmay_door_square
D:7:      grunt_dithmenos_shadows, basic_altar
D:8:      serial_shops, nicolae_shop_stone, kennysheep_mini, hangedman_ranch
D:9:      corexii_checkpoint_a
D:10:     due_lair_maze_entry_diamond, hiddenorc1_lemuel,
          david_defended_altar_elf, uniq_josephine, uniq_urug
D:11:     lab_entry_generic
D:12:     lemuel_flamethrower_3
D:13:     st_stairs_11, okawaru_ov_weapons_minmay, uniq_maurice, uniq_azrael,
          uniq_snorg
Temple:   hc_temple_tempest_star
Lair:1:   portal_ice_cave_rime, beast_lair_carwin_9
Lab:      labyrinth_hidden_loot, labyrinth_skeletal_remains, nicolae_lab_x,
          nicolae_lab_statue
Sewer:    sewer_kobolds

Skill      XL: |  1  2  3  4  5  6  7  8  9 10 11 12 |
---------------+-------------------------------------+-----
Conjurations   | 2 3 4 5 6 7 9 10 12 | 12.7
Fire Magic     | 4 5 6 7 9 10 11 12 | 12.7
Spellcasting   | 4 5 6 7 9 10 12 13 14 | 14.5
Dodging        | 4 6 7 |  7.3
Fighting       | 2 3 |  3.2
Stealth        | |  2.4

Action                   |  1- 3 |  4- 6 |  7- 9 | 10-12 || total
-------------------------+-------+-------+-------+-------++-------
Melee: Unarmed           |     1 |       |       |       ||     1
       Dagger            |       |       |    48 |    22 ||    70
 Cast: Flame Tongue      |    71 |    96 |   183 |   154 ||   504
       Throw Flame       |       |    23 |    70 |    52 ||   145
       Sticky Flame      |       |     3 |    14 |    13 ||    30
       Conjure Flame     |       |     2 |     6 |     9 ||    17
       Fireball          |       |       |     9 |   178 ||   187
       Bolt of Magma     |       |       |       |    15 ||    15
  Use: Potion            |       |     1 |       |       ||     1
       Scroll            |       |       |     1 |    18 ||    19
 Stab: Sleeping          |       |       |     4 |       ||     4
       Distracted        |       |       |     1 |       ||     1
  Eat: Chunk             |     1 |     5 |    12 |    16 ||    34
       Fruit             |       |     6 |     2 |     9 ||    17
       Meat ration       |       |       |     1 |       ||     1
Armor: Robe              |     6 |     2 |    17 |    16 ||    41
Dodge: Dodged            |    29 |    20 |    80 |   103 ||   232

Vault maps used:
D:1:      dpeg_arrival_boxorama, minmay_lizard_pond
D:2:      minmay_pentomino_t4
D:3:      first_bread, hangedman_abyss_or_decor_lesser_grid
D:4:      wad_river_or_something, minitemple, temple_pool_b, uniq_duvessa,
          uniq_natasha, uniq_eustachio
D:6:      portal_sewer_entry_a, minmay_door_square
D:7:      grunt_dithmenos_shadows, basic_altar
D:8:      serial_shops, nicolae_shop_stone, kennysheep_mini, hangedman_ranch
D:9:      corexii_checkpoint_a
D:10:     due_lair_maze_entry_diamond, hiddenorc1_lemuel,
          david_defended_altar_elf, uniq_josephine, uniq_urug
D:11:     lab_entry_generic
D:12:     lemuel_flamethrower_3
D:13:     st_stairs_11, okawaru_ov_weapons_minmay, uniq_maurice, uniq_azrael,
          uniq_snorg
Temple:   hc_temple_tempest_star
Lair:1:   portal_ice_cave_rime, beast_lair_carwin_9
Lab:      labyrinth_hidden_loot, labyrinth_skeletal_remains, nicolae_lab_x,
          nicolae_lab_statue
Sewer:    sewer_kobolds

Table legend:
 A = Turns spent in this place as a percentage of turns spent in the entire game.
 B = Non-inter-level travel turns spent in this place as a percentage of non-inter-level travel turns spent in the entire game.
 C = Inter-level travel turns spent in this place as a percentage of turns spent in this place.
 D = Turns resting spent in this place as a percentage of non-inter-level travel turns spent in this place.
 E = Turns spent auto-exploring this place as a percentage of non-inter-level travel turns spent in this place.
 F = Non-inter-level travel turns spent in this place divided by the number of levels of this place that you've seen.
                   A       B       C       D       E      F
               +-------+-------+-------+-------+-------+----------------------
         Total | 100.0 | 100.0 |   0.6 |   3.9 |   9.5 | 301.4
       Dungeon |  85.2 |  85.1 |   0.6 |   4.2 |  10.6 | 335.5
        Temple |   0.7 |   0.7 |   5.3 |  16.7 |  36.1 |  36.0
          Lair |   1.0 |   1.0 |   0.0 |   0.0 |   7.5 |  53.0
     Labyrinth |  10.2 |  10.2 |   0.0 |   1.5 |   0.0 | 524.0
         Sewer |   2.9 |   2.9 |   0.0 |   4.0 |   5.4 | 149.0
               +-------+-------+-------+-------+-------+----------------------

Table legend:
 A = Kills in this place as a percentage of kills in entire the game.
 B = Kills by you in this place as a percentage of kills by you in the entire game.
 C = Kills by friends in this place as a percentage of kills by friends in the entire game.
 D = Other kills in this place as a percentage of other kills in the entire game.
 E = Experience gained in this place as a percentage of experience gained in the entire game.
 F = Experience gained in this place divided by the number of levels of this place that you have seen.
                   A       B       C       D       E      F
               +-------+-------+-------+-------+-------+----------------------
         Total | 100.0 | 100.0 |  -nan |  -nan | 100.0 | 1867.8
       Dungeon |  95.5 |  95.5 |  -nan |  -nan |  90.5 | 2209.9
          Lair |   1.1 |   1.1 |  -nan |  -nan |   2.3 | 737.0
     Labyrinth |   0.9 |   0.9 |  -nan |  -nan |   6.8 | 2164.0
         Sewer |   2.5 |   2.5 |  -nan |  -nan |   0.4 | 123.0
               +-------+-------+-------+-------+-------+----------------------
